AoeStats
← mikuu

Nomad

503566499Analyzed
1v1 RM · 1mo ago on Sep 1, 2026· 23m 34s· 2 players
Game mode
Random Map
Map size
126×126
Population
200
Speed
Normal
Resources
Standard
Victory
Conquest
Starting age
Dark Age
Ending age
Imperial Age
RankedLock teamsTeams togetherTeam positionsShared explorationLock speedFull tech treeHidden civsTurbo modeCheats
Victory
Defeat
🇪🇸 Saracens · Spain
1161
+17
🇨🇳 Mongols · China
1175
-17
[MNKD] pajaromosca
12:16 Loom
16:17 Feudal Age
17:28 Fishing Lines
20:07 Castle Age
18:22 Double-Bit Axe
18:50 Fletching
19:00 Padded Archer Armor
19:56 Stone Mining
20:58 Bow Saw
21:48 Bodkin Arrow
mikuu
11:58 Feudal Age
16:17 Loom
16:23 Double-Bit Axe
16:20 Horse Collar
18:19 Wheelbarrow
22:22 Castle Age
23:07 Scale Mail Armor
Connection lost

Rejoining the realm…

Still unreachable

The connection could not be restored.

Session expired

The server has moved on; the page needs a fresh start.